 Dungeon Crawl Stone Soup version 0.27.1 (webtiles) character file.

Game seed: 8422696756594914830

107 DoubleLucky the Firebug (level 4, -8/33 HPs)
             Began as a Draconian Fire Elementalist on Aug 21, 2021.
             Killed by divine providence
             ... invoked by an orc priest
              (16 damage)
             ... on level 3 of the Dungeon.
             The game lasted 00:08:34 (2516 turns).

DoubleLucky the Firebug (DrFE)                      Turns: 2516, Time: 00:08:34

Health: -8/33      AC:  5    Str: 11    XL:     4   Next: 57%
Magic:  7/8        EV: 12    Int: 16    God:
Gold:   62         SH:  0    Dex: 11    Spells: 2/9 levels left

rFire    . . .     SeeInvis .   f - +0 dagger
rCold    . . .     Faith    .   (no shield)
rNeg     . . .     Spirit   .   (armour unavailable)
rPois    .         Reflect  .   (helmet restricted)
rElec    .         Harm     .   (no cloak)
rCorr    .         Rampage  .   (no gloves)
Will     .....                  (no boots)
Stlth    ++........             (no amulet)
HPRegen  0.11/turn              d - ring of wizardry
MPRegen  0.11/turn              (no ring)

@: no status effects
A: AC +5, unfitting armour, cold-blooded
a: no special abilities


You were on level 3 of the Dungeon.
You visited 1 branch of the dungeon, and saw 3 of its levels.

You collected 62 gold pieces.

Inventory:

Hand Weapons
 f - a +0 dagger (weapon)
Missiles
 b - 84 stones
Jewellery
 d - a ring of wizardry (left hand)
Wands
 k - a wand of charming (18)
 l - a wand of mindburst (4)
Scrolls
 c - a scroll of acquirement
 e - a scroll of identify
 h - a scroll of teleportation
 i - a scroll of blinking
Potions
 a - a potion of haste {unknown}
 g - a potion of lignification {unknown}
 j - a potion of curing {unknown}
 m - a potion of degeneration {unknown}
 n - a potion of might {unknown}


   Skills:
 - Level 1.7 Dodging
 - Level 1.7 Stealth
 + Level 3.1 Spellcasting
 + Level 2.6 Conjurations
 + Level 3.9 Fire Magic


You had 2 spell levels left.
You knew the following spells:

 Your Spells              Type           Power      Damage    Failure   Level
a - Foxfire               Conj/Fire      48%        2x1d6     1%          1
b - Conjure Flame         Conj/Fire      12%        6-21      6%          3
c - Inner Flame           Hex/Fire       8%         N/A       10%         3

Your spell library contained the following spells:

 Spells                   Type           Power      Damage    Failure   Level
 Sticky Flame             Conj/Fire      12%        2d4       19%         4
 Gell's Gravitas          Tloc           1%         N/A       22%         3
 Lesser Beckoning         Tloc           1%         N/A       22%         3
 Teleport Other           Tloc           2%         N/A       22%         3
 Fireball                 Conj/Fire      6%         3d5       45%         5
 Summon Ice Beast         Ice/Summ       2%         N/A       56%         4
 Summon Mana Viper        Hex/Summ       2%         N/A       87%         5
 Monstrous Menagerie      Summ           1%         N/A       100%        7
 Chain Lightning          Conj/Air       3%         3d4       100%        9
 Fire Storm               Conj/Fire      6%         8d2       100%        9


Dungeon Overview and Level Annotations

Branches:
Dungeon (3/15)

Altars:
Yredelemnul

Annotations:
D:3 1 runed translucent door, Kinoniko's ghost, amateur HOBe


Innate Abilities, Weirdness & Mutations

Your plain brown scales are hard. (AC +5)
You cannot fit into any form of body armour.
You are cold-blooded and may be slowed by cold attacks.


Message History

The orc priest mumbles some strange prayers to Beogh against you.
Pain shoots through your body!
You closely miss the orc priest.
The orc priest is heavily wounded.
The orc priest casts a cantrip, but nothing happens.
Casting: Foxfire (safe; 1% risk of failure)
Confirm with . or Enter, or press ? or * to list all spells.
You don't have enough magic to cast this spell.
You hit the orc priest.
The orc priest is heavily wounded.
The orc priest hits you with a +0 dagger.
You closely miss the orc priest.
The orc priest is heavily wounded.
The orc priest hits you with a +0 dagger.
You hit the orc priest but do no damage.
Your tail-slap misses the orc priest.
The orc priest is heavily wounded.
The orc priest barely misses you.
The orc priest looks satisfied for a moment.
The orc priest begins to cast a cantrip, but forgets the words!
The orc priest miscasts a cantrip.
The orc priest mumbles some strange prayers to Beogh against you.
Beogh smites you!
* * * LOW HITPOINT WARNING * * *
The orc priest looks encouraged for a moment.
Casting: Foxfire (safe; 1% risk of failure)
Confirm with . or Enter, or press ? or * to list all spells.
You conjure some foxfire!
The orc hits you but does no damage.
The foxfire hits the orc.
The orc is heavily wounded.
The foxfire hits the orc.
You kill the orc!
The orc priest mumbles some strange prayers to Beogh against you.
Pain shoots through your body!
* * * LOW HITPOINT WARNING * * *
Okay, then.
You see here a +0 hand axe.
The orc priest mumbles some strange prayers to Beogh against you.
Beogh smites you!
You die...

#####.# #.###.........#
#.....# #.###...#......
#.....#########.##...#......#
#..........o.................
#......########.#.......#...#
#####.......# #.#......####.#
#...#.....#.#######.......##
#.#
+.........o.......#.......#
#..
#........)######@)........##
##. ####......# #.....#..#..#
##. ##.....###
#........##.####.. ###.....#
#...###...........
##....####...###......###..
#...o#......#.......###...
#...............###.###...
#.......#.#.##..###.....##
#...........#..###..######


You could see an orc priest.

Vanquished Creatures
  A centaur zombie (D:3)
  2 adders
  2 worms (D:2)
  3 orcs (D:3)
  3 bats
  5 endoplasms
  3 giant cockroaches
  6 goblins
  3 hobgoblins
  2 kobolds
  A quokka (D:2)
  5 ball pythons
  4 frilled lizards
  4 rats
44 creatures vanquished.

Vanquished Creatures (others)
  130 foxfires
130 creatures vanquished.

Grand Total: 174 creatures vanquished

Notes
Turn   | Place    | Note
-------+----------+-------------------------------------------
     0 | D:1      | DoubleLucky the Draconian Fire Elementalist began the quest
                  | for the Orb.
     0 | D:1      | Reached XP level 1. HP: 14/14 MP: 3/3
   303 | D:1      | Reached XP level 2. HP: 20/20 MP: 3/5
  1188 | D:2      | Reached XP level 3. HP: 26/26 MP: 2/6
  1192 | D:2      | Learned a level 3 spell: Conjure Flame
  1196 | D:2      | Learned a level 3 spell: Inner Flame
  1873 | D:3      | Reached XP level 4. HP: 24/33 MP: 3/8
  2146 | D:3      | Identified a scroll of acquirement
  2387 | D:3      | Found a runed translucent door.
  2388 | D:3      | Noticed Kinoniko's ghost (amateur HOBe)
  2410 | D:3      | Found a basalt altar of Yredelemnul.
  2516 | D:3      | Killed from afar by an orc priest

Illustrated notes

Levels and vault maps discovered:
D:1:      matt_arrival_refuge, layout_loops_ring
D:2:      layout_rooms, serial_glass, glass_columns_a, glass_columns_a,
          glass_columns_c, glass_columns_c, glass_columns_a, glass_columns_a,
          glass_columns_b, glass_columns_b, chequers_decorated_corner
D:3:      layout_rooms, nicolae_overflow_hidden_temple, gammafunk_ghost_grave

Skill      XL: |  1  2  3  4 |
---------------+-------------+-----
Conjurations   | 2 |  2.6
Spellcasting   | 3 |  3.1
Dodging        | |  1.7
Stealth        | |  1.7
Fire Magic     | |  3.9

Action                   |  1- 3 |  4- 6 || total
-------------------------+-------+-------++-------
Melee: Whip              |     5 |       ||     5
       Unarmed           |     1 |       ||     1
       Dagger            |    19 |     6 ||    25
       Tailslap          |     1 |       ||     1
 Cast: Foxfire           |    57 |    22 ||    79
  Use: Scroll            |       |     3 ||     3
Armor: Skin              |    16 |     2 ||    18
Dodge: Dodged            |    17 |     6 ||    23
